 Dungeon Crawl Stone Soup version 0.32-a0-938-g40ac7a0f4d (webtiles) character file.

Game seed: 17761747534539077279

58468 Doorstop00 the Severer (level 14, -16/90 HPs)
             Began as a Minotaur Berserker on Apr 15, 2024.
             Was a High Priest of Trog.
             Killed from afar by a wretched star (26 damage)
             ... with a lance of force
             ... on level 2 of the Abyss.
             The game lasted 01:42:41 (22047 turns).

Doorstop00 the Severer (Minotaur Berserker)        Turns: 22047, Time: 01:42:41

Health: -16/90     AC: 20    Str: 34    XL:     14   Next: 49%
Magic:  8/8        EV:  9    Int:  2    God:    Trog [*****.]
Gold:   781        SH: 14    Dex:  9    Spells: 13/13 levels left

rFire   . . .        z - +9 war axe of Jirhimma {freeze, Str+3 Stlth+}
rCold   + . .        q - +0 kite shield of Crawling {-Cast Harm Fly Str+3}
rNeg    . . .        L - +1 plate armour {rPois}
rPois   +            (helmet restricted)
rElec   +            r - +1 cloak
rCorr   .            T - +2 pair of gloves "Sonur" {Dex+4}
SInv    .            e - +0 pair of boots of Kuqepadwa {Str+2}
Will    ++...        U - amulet of reflection Stlth
                     O - ring of Taugaf {rElec rPois rC+ Stlth+}
HPRegen 0.35/turn    B - ring of willpower
MPRegen 0.11/turn

%: no spellcasting, random rage (9%), harm (+30% outgoing, +20% incoming),
reflection
@: on berserk cooldown, flying, slowed, very slow
A: horns 2, retaliatory headbutt, [berserk 2], [clumsy 2], [deformed body],
[deterioration 2], [dopey 2], [frail 3], [low MP 3], [screaming 2], [subdued
magic 3], [inability to drink after injury 2]
a: Renounce Religion, Berserk, Trog's Hand, Brothers in Arms


You were on level 2 of the Abyss.
You worshipped Trog.
Trog was extremely pleased with you.
You visited 3 branches of the dungeon, and saw 21 of its levels.
You visited the Abyss 1 time.

You collected 2291 gold pieces.
You spent 1510 gold pieces at shops.

Inventory:

Hand Weapons
 n - a +3 antimagic flail
 z - the +9 war axe of Jirhimma (weapon) {freeze, Str+3 Stlth+}
   (You bought it in a shop on level 5 of the Dungeon)

   Str+3:     It affects your strength (+3).
   Stlth+:    It makes you more stealthy.
 Q - the +1 battleaxe "Bepranacwo" {antimagic, rC+ Dex+3}
   (Trog gifted it to you on level 4 of the Lair of Beasts)

   Dex+3:     It affects your dexterity (+3).
   rC+:       It protects you from cold.
Armour
 e - the +0 pair of boots of Kuqepadwa (worn) {Str+2}
   (You bought it in a shop on level 2 of the Orcish Mines)

   Str+2:     It affects your strength (+2).
 q - the +0 kite shield of Crawling (worn) {-Cast Harm Fly Str+3}
   (You acquired it on level 10 of the Dungeon)

   Str+3:     It affects your strength (+3).
   Fly:       It grants you flight.
   -Cast:     It prevents spellcasting.
   Harm:      It increases damage dealt and taken.
 r - a +1 cloak (worn)
 G - a +0 pair of gloves
 L - a +1 plate armour of poison resistance (worn)
 S - a +1 cloak
 T - the +2 pair of gloves "Sonur" (worn) {Dex+4}
   (You acquired it on level 14 of the Dungeon)

   Dex+4:     It affects your dexterity (+4).
Jewellery
 t - a ring of protection from fire
 B - a ring of willpower (right hand)
 E - a ring of protection from fire
 I - a ring of poison resistance
 M - a ring of positive energy
 O - the ring of Taugaf (left hand) {rElec rPois rC+ Stlth+}
   (You bought it in a shop on level 1 of the Orcish Mines)

   [ring of protection from cold]

   rC+:       It protects you from cold.
   rElec:     It insulates you from electricity.
   rPois:     It protects you from poison.
   Stlth+:    It makes you more stealthy.
 U - an amulet of reflection (around neck)
Wands
 u - a wand of mindburst (9)
 A - a wand of iceblast (14)
 C - a wand of quicksilver (11)
 D - a wand of charming (25)
 V - a wand of digging (3)
 W - a wand of flame (5)
Scrolls
 a - a scroll of poison
 b - 3 scrolls of fear
 c - 7 scrolls of enchant armour
 g - 12 scrolls of teleportation
 h - 5 scrolls of fog
 l - a scroll of brand weapon
 m - 2 scrolls of immolation
 s - 4 scrolls of enchant weapon
 x - 3 scrolls of revelation
 y - 5 scrolls of blinking
 F - a scroll of silence
 K - 2 scrolls of vulnerability
 P - a scroll of torment
Potions
 d - 4 potions of enlightenment
 f - 8 potions of curing
 i - 3 potions of heal wounds
 j - a potion of berserk rage {unknown}
 k - 2 potions of brilliance
 o - 3 potions of lignification
 p - 6 potions of might
 v - a potion of cancellation
 w - 4 potions of haste
 H - a potion of ambrosia
 J - 5 potions of attraction
 N - 2 potions of invisibility
 R - a potion of mutation


   Skills:
 * Level 13.4 Fighting
 * Level 17.6(17.7) Axes
 + Level 2.7(11.8) Maces & Flails
 * Level 14.8 Armour
 * Level 9.6 Dodging
 + Level 1.8 Stealth
 * Level 8.7 Shields
 * Level 6.6 Evocations


You had 13 spell levels left.
You didn't know any spells.
Your spell library was empty.

Dungeon Overview and Level Annotations

Branches:
Dungeon (15/15)            Temple (0/1) D:4            Lair (4/5) D:9
  Swamp (0/4) Lair:3       Spider (0/4) Lair:2        Slime (0/5) Lair:4
    Orc (2/2) D:9             Elf (0/3) Orc:2        Vaults (0/5) D:14
 Depths: D:15

Altars:
Cheibriados
Elyvilon
Gozag
Hepliaklqana
Makhleb
Nemelex Xobeh
Sif Muna
Trog
Vehumet
Beogh

Shops:
D:5 (   Orc:1 *[=   Orc:2 [(![*

Annotations:
D:13 2 transporters, Ithuta Obua's ghost, journeyman MiBe


Innate Abilities, Weirdness & Mutations

You have a pair of horns on your head.
You reflexively headbutt those who attack you in melee.
[You have an uncontrollable temper.]
[You are very clumsy. (Dex -4)]
[Armour fits poorly on your strangely shaped body.]
[Your body often deteriorates upon taking damage.]
[You are very dopey. (Int -4)]
[You are extremely frail. (-30% HP)]
[Your magical capacity is extremely low. (-30% MP)]
[You frequently scream uncontrollably at your foes.]
[Your spells are much easier to cast, but much less powerful.]
[You sometimes lose the ability to drink potions when taking damage.]


Message History

Something hits you!
Something hits you but does no damage. x2
A white imp comes into view.
You scream at the white imp!
Something hits you.
You slice something!! You freeze something! Trog accepts your kill.
Reactivating autopickup.
You feel a bit more experienced.
A wretched star comes into view.
You scream at the wretched star!
The white imp gestures at you.
You block the puff of frost... and reflect it back!
The puff of frost hits the white imp.
The white imp resists.
A large abomination comes into view.
The white imp gestures at you.
The puff of frost hits you but does no damage.
You resist.
You slice the white imp!! You freeze the white imp.
You kill the white imp!
Trog accepts your kill.
You closely miss the wretched star.
The wretched star glows turbulently.
The lance of force hits you!
You are knocked back by the lance of force.
The wretched star pulses with an eldritch light!
You feel less energetic.
A balrug comes into view.
It is wielding a +1 vampiric demon whip.
The balrug shouts!
The balrug gestures at you.
The fireball explodes!
The fireball engulfs you!!!
Ouch! That really hurt!
* * * LOW HITPOINT WARNING * * *
The wretched star pulses with an eldritch light!
Your connection to magic feels subdued.
Your connection to magic feels more subdued.
The wretched star pulses with an eldritch light!
Your connection to magic feels nearly dormant.
The wretched star glows turbulently.
The lance of force hits you!!
You die...

.# #. # .. ###
....#.. ..
#..###.#.#. #..
.##.......#.##.#
..........#.#..###
.........#...#
#.#.
#..@#...###.#.
##.#.2.#.....
#....#*.#.#.#
#..#.##.*.#.# #
#.#.## ###...# .#
.. . #..X.##.# . .
####...# .# ....##
##.#..#


You could see a balrug, 2 wretched stars and a large abomination.

Vanquished Creatures
  Kirke (D:14)
  An orc warlord (Orc:1)
  Nessos (D:13)
  A vault guard (D:14)
  2 hydras (Lair:3)
  A two-headed ogre (D:11)
  2 boulder beetles
  A death knight (D:14)
  2 centaur warriors (D:14)
  A tengu warrior (D:15)
  An orc high priest (Orc:2)
  A deep elf knight (Orc:1)
  A fire crab (shapeshifter) (D:14)
  A skyshark (Lair:4)
  Nergalle (D:11)
  A skeletal warrior (D:14)
  4 orc knights
  A lindwurm (Lair:2)
  2 orc sorcerers (Orc:1)
  2 deep elf pyromancers
  An oklob plant (Lair:4)
  4 cyclopes
  2 ugly things
  A manticore (D:14)
  A meliai (Lair:2)
  6 black mambas
  5 kobold blastminers (Orc:2)
  8 elephants
  6 cane toads
  A torpor snail (Lair:2)
  A gargoyle (D:10)
  2 unseen horrors
  2 kobold demonologists
  An unseen horror (shapeshifter) (D:14)
  Jeremiah (D:6)
  A yaktaur (D:15)
  2 rime drakes (Lair:3)
  A tengu conjurer (D:15)
  An efreet (D:14)
  10 komodo dragons
  5 trolls
  4 polar bears (Lair:2)
  The ghost of Octoposer the Changeling, an amateur MfSh (D:4)
  Prince Ribbit (D:5)
  3 blink frogs (Lair:4)
  A wraith (D:13)
  44 yaks
  3 wyverns
  A vampire (D:11)
  3 shadows
  2 basilisks
  2 wargs
  Eustachio (D:5)
  7 hogs (D:14)
  2 vampire mosquitoes (D:12)
  3 steam dragons
  3 acid dragons
  8 water moccasins
  38 orc warriors
  A sky beast (D:8)
  An ice beast (D:8)
  7 black bears
  2 laughing skulls (D:15)
  10 ogres
  20 centaurs
  4 phantoms
  5 kobold brigands
  12 bullfrogs
  A gnoll sergeant (D:4)
  A scorpion (Lair:2)
  4 wights (D:7)
  18 killer bees
  4 electric eels
  5 howler monkeys
  3 jellies
  10 orc priests
  2 bombardier beetles
  A gnoll bouda (D:9)
  10 hounds
  An iguana (D:4)
  16 orc wizards
  A sleepcap (D:4)
  A hell rat (Lair:3)
  A hound skeleton (D:3)
  5 adders
  6 gnolls
  4 white imps
  2 ufetubi (D:7)
  An adder zombie (D:3)
  2 adder skeletons (D:3)
  A ribbon worm (D:3)
  A dart slug (D:1)
  73 orcs
  3 ball pythons
  2 bats (D:3)
  3 endoplasms
  3 giant cockroaches
  5 hobgoblins
  13 kobolds
  5 quokkas
  A ball python skeleton (D:3)
  A ball python zombie (D:3)
  3 frilled lizards
  3 goblins
  A quokka zombie (D:3)
  4 rats
500 creatures vanquished.

Vanquished Creatures (collateral kills)
  2 elephants (Lair:1)
2 creatures vanquished.

Vanquished Creatures (others)
  A chaos spawn (Abyss:2)
  A wolf (D:9)
  An orc wizard (Orc:1)
3 creatures vanquished.

Grand Total: 505 creatures vanquished

Notes
Turn   | Place    | Note
-------+----------+-------------------------------------------
     0 | D:1      | Doorstop00 the Minotaur Berserker began the quest for the
                  | Orb.
     0 | D:1      | Reached XP level 1. HP: 19/19 MP: 0/0
   362 | D:1      | Reached skill level 4 in Axes
   362 | D:1      | Reached XP level 2. HP: 22/27 MP: 1/1
  1342 | D:3      | Reached XP level 3. HP: 33/33 MP: 2/2
  1469 | D:3      | Reached ** piety under Trog
  1514 | D:3      | Found an opulent altar of Gozag.
  1595 | D:3      | Reached skill level 5 in Axes
  1595 | D:3      | Reached XP level 4. HP: 41/41 MP: 3/3
  1937 | D:4      | Noticed a gnoll sergeant
  1945 | D:4      | Reached XP level 5. HP: 47/47 MP: 4/4
  1947 | D:4      | Noticed an ogre
  1962 | D:4      | Reached skill level 6 in Axes
  1964 | D:4      | Killed an ogre
  1965 | D:4      | Reached XP level 6. HP: 38/55 MP: 5/5
  2087 | D:4      | Found a staircase to the Ecumenical Temple.
  2281 | D:4      | Reached skill level 5 in Fighting
  2622 | D:4      | Reached skill level 7 in Axes
  2837 | D:4      | Found a runed translucent door.
  2840 | D:4      | Noticed Octoposer's ghost (amateur MfSh)
  2851 | D:4      | Killed Octoposer's ghost
  2852 | D:4      | Reached XP level 7. HP: 61/61 MP: 6/6
  3095 | D:4      | Reached skill level 8 in Axes
  3221 | D:5      | Entered Level 5 of the Dungeon
  3232 | D:5      | Found Osinen's Antique Weapon Shoppe.
  3642 | D:5      | Reached skill level 5 in Armour
  3841 | D:5      | Noticed Prince Ribbit
  3851 | D:5      | Killed Prince Ribbit
  3852 | D:5      | Reached XP level 8. HP: 60/70 MP: 7/7
  4043 | D:5      | Reached skill level 9 in Axes
  4109 | D:5      | Noticed Eustachio
  4128 | D:5      | Killed Eustachio
  4221 | D:6      | Noticed Jeremiah
  4387 | D:6      | Killed Jeremiah
  4405 | D:6      | Reached *** piety under Trog
  4714 | D:6      | Reached skill level 10 in Axes
  4715 | D:6      | Reached skill level 1 in Stealth
  4715 | D:6      | Reached XP level 9. HP: 48/78 MP: 8/8
  4902 | D:6      | HP: 3/78 [steam dragon/ball of steam (8)]
  5189 | D:6      | Reached skill level 5 in Dodging
  5995 | D:5      | Bought an ancient war axe for 195 gold pieces
  5995 | D:5      | Identified the +9 war axe of Jirhimma {freeze, Str+3
                  | Stlth+} (You bought it in a shop on level 5 of the Dungeon)
  6044 | D:7      | Reached skill level 11 in Axes
  6279 | D:7      | You fall into a shaft and drop 1 floor!
  6305 | D:7      | Reached **** piety under Trog
  6306 | D:7      | Reached skill level 1 in Evocations
  6771 | D:7      | Found a hazy altar of Hepliaklqana.
  7358 | D:8      | Found a snail-covered altar of Cheibriados.
  7402 | D:8      | Reached XP level 10. HP: 87/88 MP: 9/9
  7444 | D:8      | Reached skill level 1 in Shields
  7661 | D:8      | Reached skill level 12 in Axes
  7815 | D:9      | Found a staircase to the Orcish Mines.
  7899 | Orc:1    | Entered Level 1 of the Orcish Mines
  8547 | D:9      | Reached skill level 10 in Armour
  8810 | D:9      | Found a staircase to the Lair.
  8911 | D:9      | Noticed a cane toad
  8911 | D:9      | Noticed a brown ugly thing
  8913 | D:9      | a cane toad changed into a basilisk
  9076 | D:9      | Found a burning altar of Makhleb.
  9526 | Lair:1   | Entered Level 1 of the Lair of Beasts
  9535 | Lair:1   | Noticed an elephant
  9535 | Lair:1   | Noticed an elephant
  9536 | Lair:1   | Noticed a black mamba
  9537 | Lair:1   | Noticed an elephant
  9545 | Lair:1   | Killed a black mamba
  9548 | Lair:1   | Killed an elephant
  9549 | Lair:1   | Reached skill level 13 in Axes
  9554 | Lair:1   | Killed an elephant
  9557 | Lair:1   | Killed an elephant
  9596 | Lair:1   | Reached XP level 11. HP: 65/95 MP: 10/10
  9811 | Lair:1   | You fall into a shaft and drop 1 floor!
 10046 | Lair:2   | Noticed a lindwurm
 10049 | Lair:2   | Killed a lindwurm
 10359 | Lair:2   | Reached skill level 14 in Axes
 11331 | Orc:1    | Reached ***** piety under Trog
 11385 | Orc:1    | Found Tuukkou's Jewellery Shoppe.
 11449 | Orc:1    | Found Yguchasa's Armour Boutique.
 11616 | Orc:2    | Entered Level 2 of the Orcish Mines
 11616 | Orc:2    | Noticed a deep elf pyromancer
 11690 | Orc:2    | Noticed an orc high priest
 11692 | Orc:2    | Noticed an orc sorcerer
 11698 | Orc:1    | Killed an orc sorcerer
 11699 | Orc:1    | Reached skill level 10 in Fighting
 11795 | Orc:2    | Noticed a deep elf knight
 11796 | Orc:2    | Killed a deep elf pyromancer
 11804 | Orc:1    | Reached skill level 5 in Shields
 11824 | Orc:1    | Reached XP level 12. HP: 80/106 MP: 11/11
 12161 | Orc:2    | Killed an orc high priest
 12308 | Orc:2    | Noticed an orc warlord
 12478 | Orc:1    | Reached skill level 15 in Axes
 12497 | Orc:1    | Killed an orc warlord
 13147 | Orc:2    | Found a staircase to the Elven Halls.
 13838 | Orc:1    | Received a gift from Trog
 13856 | Orc:1    | Found Xosabeff's Assorted Antiques.
 14334 | Orc:2    | Reached skill level 16 in Axes
 14387 | Orc:2    | Found Jyplyil's Weapon Emporium.
 14387 | Orc:2    | Found Saitip's Distillery.
 14389 | Orc:2    | Found Miq Dimi's Armour Boutique.
 14391 | Orc:2    | Found Ejoduyx's Antique Armour Shoppe.
 14397 | Orc:2    | Bought a pair of distressingly furry boots for 323 gold
                  | pieces
 14397 | Orc:2    | Identified the +0 pair of boots of Kuqepadwa {Str+2} (You
                  | bought it in a shop on level 2 of the Orcish Mines)
 14405 | Orc:2    | Bought a potion of heal wounds for 60 gold pieces
 14488 | Orc:2    | Found Haqaddio's General Store.
 14518 | Orc:2    | Bought a scroll of identify for 24 gold pieces
 14634 | Orc:1    | Bought a +1 cloak for 172 gold pieces
 14651 | Orc:1    | Bought the ring of Taugaf {rElec rPois rC+ Stlth+} for 736
                  | gold pieces
 14774 | Lair:2   | Found a hole to the Spider Nest.
 15167 | D:10     | Entered Level 10 of the Dungeon
 15220 | D:10     | Found a radiant altar of Vehumet.
 15223 | D:10     | Found a sparkling altar of Nemelex Xobeh.
 15241 | D:10     | Reached skill level 5 in Evocations
 15361 | D:10     | Found a shimmering blue altar of Sif Muna.
 15464 | D:10     | Identified a scroll of acquirement
 15464 | D:10     | Acquired the +0 kite shield of Crawling {-Cast Harm Fly
                  | Str+3}
 15740 | D:10     | Reached XP level 13. HP: 80/116 MP: 12/12
 15876 | D:10     | Found a roughly hewn altar of Beogh.
 16163 | D:11     | Identified the +1 robe of Xazimajo {rElec rF+ rCorr Slay+2}
 16284 | D:11     | Received a gift from Trog
 16677 | D:11     | Noticed Nergalle
 16684 | D:11     | Killed Nergalle
 17064 | Lair:3   | Found a staircase to the Swamp.
 17972 | Lair:4   | Reached skill level 1 in Maces & Flails
 18439 | Lair:4   | Found a staircase to the Slime Pits.
 18740 | Lair:4   | Reached skill level 17 in Axes
 18740 | Lair:4   | Identified the +1 battleaxe "Bepranacwo" {antimagic, rC+
                  | Dex+3} (Trog gifted it to you on level 4 of the Lair of
                  | Beasts)
 18740 | Lair:4   | Received a gift from Trog
 18919 | Lair:4   | Reached XP level 14. HP: 127/127 MP: 13/13
 19798 | D:12     | Acquired an amulet of reflection
 20179 | D:13     | Found a transporter.
 20193 | D:13     | Found a bloodstained altar of Trog.
 20193 | D:13     | Found a transporter.
 20204 | D:13     | Noticed Ithuta Obua's ghost (journeyman MiBe)
 20337 | D:13     | Found a bloodstained altar of Trog.
 20439 | D:13     | Noticed Nessos
 20451 | D:13     | Killed Nessos
 20788 | D:14     | Acquired the +2 pair of gloves "Sonur" {Dex+4}
 21054 | D:14     | Noticed Kirke
 21095 | D:14     | Killed Kirke
 21327 | D:14     | Found a gate to the Vaults.
 21873 | D:15     | Entered Level 15 of the Dungeon
 21925 | D:15     | Found a white marble altar of Elyvilon.
 21944 | Abyss:2  | Cast into level 2 of the Abyss (an occultist)
 21968 | Abyss:2  | Found a corrupted altar of Lugonu.
 22043 | Abyss:2  | Noticed a balrug
 22047 | Abyss:2  | Killed from afar by a wretched star

Illustrated notes

Levels and vault maps discovered:
D:1:      lightli_arrival_chessboard, layout_basic
D:2:      layout_loops_ring, minmay_misc_feat_square
D:3:      layout_basic, grunt_gozag_statues, serial_undead, serial_undead_a,
          serial_undead_e, serial_undead_b, serial_undead_c, serial_undead_d,
          serial_undead_a, serial_undead_b, serial_undead_c
D:4:      layout_layer_cave, minmay_temple_entry_butterflies,
          gammafunk_ghost_grave
D:5:      layout_rooms, enter_ossuary_2, glass_columns_b,
          minmay_shop_grid_forest, uniq_eustachio, uniq_prince_ribbit1
D:6:      layout_loops_ring, uniq_jeremiah
D:7:      layout_loops_corners, mainiacjoe_overflow_catwalk,
          hangedman_minor_gate_pass
D:8:      layout_rooms, cheibriados_altar_1, minmay_fractal_squares_gapless_5
D:9:      layout_layer_cave, lightli_temple_of_fire, erik_lair_island,
          orc_0_dummy, serial_co_window_serial, co_window_corner_a,
          co_window_corner_a, co_window_corner_a, co_window_paths_a,
          co_window_of_opportunity_a, co_window_paths_a, co_window_paths_a,
          co_window_unsneaky_path_b, co_window_paths_c, co_window_paths_c,
          co_window_unsneaky_path_c, glass_columns_a, glass_columns_a,
          glass_columns_a, st_stairs_13, lightli_corner_chamber
D:10:     layout_basic, nicolae_sif_muna_condensation, nicolae_overflow_squiral,
          lightli_church_of_beogh
D:11:     layout_cave_pods, uniq_nergalle
D:12:     layout_stronghold
D:13:     layout_gridville, gammafunk_ghost_wrathful_warriors,
          minmay_misc_feat_more_columns, bloody_trog, uniq_nessos
D:14:     layout_roguey, david_vaults_5, uniq_kirke
D:15:     grunt_enter_depths_magical_seal, layout_grid_maze, serial_shops,
          nicolae_shop_rolling_square, minmay_misc_feat_pillars, minivault_1,
          chequers_serial_rivers_micro_e, serial_bayou_lagoon_a,
          elyvilon_altar_5, uniq_roxanne, uniq_jorgrun
Lair:1:   layout_regular_city, portal_ice_cave_entry_pillars_2,
          serial_bayou_shore_a
Lair:2:   beast_lair_carwin_large_3, layout_concentric_octagons,
          hellmonk_spider_entry_not_the_bees, grunt_megastairs_3
Lair:3:   nzn_winding_woodlands_three_and_one
          [nzn_winding_woodlands_5x15_default,
          nzn_winding_woodlands_5x15_lazy_stream,
          nzn_winding_woodlands_5x15_parted,
          nzn_winding_woodlands_center_lodge], layout_gridlike, swamp_mist
Lair:4:   layout_cave_pods, slime_entry_1, serial_bayou_crossing,
          grunt_megastairs_4, lemuel_fruit_tree
Orc:1:    layout_caves, serial_shops, shop, nicolae_shop_window_shopping, shop
Orc:2:    st_orc_rangers, layout_diamond_mine, serial_shops,
          nicolae_shop_peninsula, elf_legates
Abyss:2:  base: D:11, lemuel_flamethrower_2, spicy_abyss_pitcher_plant

Skill      XL: |  1  2  3  4  5  6  7  8  9 10 11 12 13 14 |
---------------+-------------------------------------------+-----
Fighting       | 4 5 6 7 8 10 11 12 13 | 13.4
Axes           | 4 5 6 7 8 10 11 13 14 16 17 | 17.6
Armour         | 3 4 5 7 9 10 12 13 14 | 14.8
Dodging        | 3 4 5 6 7 8 9 |  9.6
Stealth        | 1 |  1.8
Evocations     | 1 2 3 5 6 |  6.6
Shields        | 3 5 6 7 8 |  8.7
Maces & Flails | 2 |  2.7

Action                     |  1- 3 |  4- 6 |  7- 9 | 10-12 | 13-15 || total
---------------------------+-------+-------+-------+-------+-------++-------
  Melee: Hand axe          |    63 |    83 |   175 |       |       ||   321
         Headbutt          |     3 |    11 |    32 |    80 |    70 ||   196
         War axe           |       |       |   121 |   467 |   311 ||   899
         Flail             |       |       |       |       |    38 ||    38
 Invoke: Berserk           |       |     2 |       |       |       ||     2
         Trog's Hand       |       |       |       |     3 |       ||     3
         Brothers in Arms  |       |       |       |     2 |       ||     2
  Evoke: Wand              |       |       |       |     2 |       ||     2
    Use: Scroll            |    10 |     2 |     2 |     9 |     7 ||    30
         Potion            |     1 |       |       |     2 |     1 ||     4
 Armour: Animal skin       |    24 |       |       |       |       ||    24
         Plate armour      |    35 |    65 |   255 |   465 |   245 ||  1065
         Skin              |       |       |       |       |     1 ||     1
  Dodge: Dodged            |    28 |    23 |   123 |   201 |   110 ||   485
  Block: Buckler           |       |       |     4 |    99 |       ||   103
         Kite shield       |       |       |       |     3 |   200 ||   203
         Reflection        |       |       |       |       |    14 ||    14

Table legend: (Time is in decaauts)
 A = Elapsed time spent in this place.
 B = Non-inter-level travel time spent in this place.
 C = Inter-level travel time spent in this place.
 D = Time resting spent in this place.
 E = Time spent auto-exploring this place.
 F = Levels seen in this place.
 G = Mean time per level.
                   A        B        C        D        E       F      G
               +--------+--------+--------+--------+--------+-----+--------+
         Total |  21940 |  21133 |    807 |   4768 |  11871 |  22 |  997.3 |
       Dungeon |  14137 |  13606 |    531 |   2232 |   8682 |  15 |  942.5 |
          Lair |   4417 |   4183 |    234 |    829 |   2617 |   4 | 1104.2 |
  Orcish Mines |   3277 |   3236 |     41 |   1684 |    571 |   2 | 1638.5 |
         Abyss |    107 |    107 |      0 |     22 |      0 |   1 |  107.0 |
               +--------+--------+--------+--------+--------+-----+--------+

Top non-repeatable levels by time:
   Orc:1: 2011 daAuts
     D:9: 1903 daAuts
     D:4: 1495 daAuts
   Orc:2: 1266 daAuts
     D:6: 1263 daAuts
     D:7: 1218 daAuts
  Lair:2: 1191 daAuts
  Lair:4: 1187 daAuts
     D:5: 1133 daAuts
  Lair:1: 1108 daAuts
    D:14: 1076 daAuts
  Lair:3: 931 daAuts
    D:10: 915 daAuts
    D:11: 896 daAuts
    D:12: 875 daAuts
